 Dungeon Crawl Stone Soup version 0.31-a0-180-g519b7de00c (webtiles) character file.

Game seed: 2153787140163798873

93 senseless the Stinger (level 4, -4/24 HPs)
             Began as a Deep Elf Venom Mage on June 19, 2023.
             Killed from afar by Ijyb (11 damage)
             ... with a puff of flame
             ... on level 3 of the Dungeon.
             The game lasted 00:07:20 (2112 turns).

senseless the Stinger (Deep Elf Venom Mage)         Turns: 2112, Time: 00:07:21

Health: -4/24      AC:  8    Str:  5    XL:     4   Next: 36%
Magic:  6/11       EV: 28    Int: 22    God:
Gold:   158        SH:  0    Dex: 15    Spells: 0/10 levels left

rFire   . . .        o - +0 long sword
rCold   . . .        (no shield)
rNeg    . . .        r - +1 robe {Will+}
rPois   .            (no helmet)
rElec   .            g - +0 cloak
rCorr   .            (no gloves)
SInv    +            (no boots)
Will    +....        w - amulet of the acrobat
Stlth   ++           j - ring of see invisible
HPRegen 0.24/turn    m - +4 ring of protection
MPRegen 0.12/turn

%: acrobat
@: acrobatic, very slightly contaminated
A: no striking features
a: no special abilities


You were on level 3 of the Dungeon.
You visited 1 branch of the dungeon, and saw 3 of its levels.

You collected 158 gold pieces.

Inventory:

Hand Weapons
 h - a +1 whip of pain
 l - a +0 sling
 o - a +0 long sword (weapon)
 s - a +0 flail of protection
Armour
 g - a +0 cloak (worn)
 r - a +1 robe of willpower (worn)
Jewellery
 j - a ring of see invisible (left hand)
 m - a +4 ring of protection (right hand)
 u - a ring of fire
 w - an amulet of the acrobat (around neck)
Wands
 a - a wand of iceblast (9)
Potions
 b - a potion of magic
 c - a potion of degeneration {unknown}
 e - a potion of heal wounds {unknown}
 f - a potion of mutation {unknown}
 n - 3 potions of curing


   Skills:
 + Level 3.3 Dodging
 + Level 3.4 Stealth
 + Level 3.8 Spellcasting
 + Level 2.3 Transmutations
 + Level 3.8 Poison Magic


You couldn't memorise any spells.
You knew the following spells:

 Your Spells              Type           Power      Damage    Failure   Level
a - Sting                 Tmut/Pois      68%        1d6       3%          1
b - Poisonous Vapours     Pois/Air       24%        N/A       8%          2
c - Mephitic Cloud        Conj/Pois/Air  9%         N/A       21%         3
d - Olgreb's Toxic Radia  Pois           21%        N/A       22%         4

Your spell library contained the following spells:

 Spells                   Type           Power      Damage    Failure   Level
 Apportation              Tloc           8%         N/A       12%         1
 Necrotise                Necr           16%        1d4       12%         1
 Summon Small Mammal      Summ           16%        N/A       12%         1


Dungeon Overview and Level Annotations

Branches:
Dungeon (3/15)

Altars:

Annotations:
D:3 Ijyb


Message History

The goblin shouts!
The hobgoblin shouts!
The sting hits the hobgoblin.
The hobgoblin is poisoned.
The hobgoblin is severely wounded.
The goblin shoots a sling bullet.
The sling bullet hits you but does no damage.
The sting hits the hobgoblin.
The hobgoblin looks even sicker.
The hobgoblin is almost dead.
You kill the goblin!
You kill the hobgoblin!
You can't see any susceptible monsters within range! (Use Z to cast anyway.)
There is an open door here.
You now have 158 gold pieces (gained 16).
You see here a +0 sling.
There is an open door here.
You see here a jackal corpse.
There is an open door here.
You open the large door. 2 goblins come into view.
The goblin shouts! x2
Ijyb the Twisted Goblin comes into view.
She is wielding a +0 club and carrying a wand of flame (27).
There is a large open door here.
The sting hits the goblin.
The goblin is poisoned.
You kill the goblin!
Ijyb shouts!
You miscast Sting.
You are very lightly contaminated with residual magic.
Nothing appears to happen.
The sting hits the goblin.
The goblin is poisoned.
The goblin is moderately wounded.
The sting hits the goblin.
The goblin looks even sicker.
You kill the goblin!
You miscast Sting.
Nothing appears to happen.
Ijyb zaps a wand.
The puff of flame hits you!
The sting hits Ijyb.
Ijyb is poisoned.
Ijyb is lightly wounded.
Ijyb zaps a wand.
The puff of flame hits you!
* * * LOW HITPOINT WARNING * * *
You are too injured to fight recklessly!
Ijyb screams, "Get away!"
Ijyb zaps a wand.
The puff of flame hits you!
You die...

####≈≈≈..#...#.(#...#
.##≈≈#########..#...#
..#≈≈#..........#...#
#....'[.........#...#
##...'..........#)..#
#...'.....).)..#...#
##≈≈#..........#...#
#≈≈#########..##g)#
##≈≈≈..#...#..@...#
#≈≈≈.)'..†'......#
##≈≈..#...#......#
#################


You could see Ijyb (poisoned).

Vanquished Creatures
  3 gnolls (D:2)
  An adder (D:2)
  A worm (D:2)
  2 dart slugs
  5 ball pythons
  4 endoplasms
  A giant cockroach (D:1)
  10 goblins
  6 hobgoblins
  3 jackals (D:3)
  A quokka (D:1)
  A bat (D:1)
  A frilled lizard (D:1)
  2 kobolds
  A rat (D:1)
42 creatures vanquished.

Notes
Turn   | Place    | Note
-------+----------+-------------------------------------------
     0 | D:1      | senseless the Deep Elf Venom Mage began the quest for the
                  | Orb.
     0 | D:1      | Reached XP level 1. HP: 10/10 MP: 6/6
   259 | D:1      | Reached XP level 2. HP: 15/15 MP: 6/8
   935 | D:2      | Reached XP level 3. HP: 19/19 MP: 6/9
  1172 | D:2      | Found a faded altar of an unknown god.
  1230 | D:2      | Reached XP level 4. HP: 24/24 MP: 6/11
  1928 | D:3      | Learned a level 2 spell: Poisonous Vapours
  1932 | D:3      | Learned a level 3 spell: Mephitic Cloud
  1937 | D:3      | Learned a level 4 spell: Olgreb's Toxic Radiance
  2103 | D:3      | Noticed Ijyb
  2112 | D:3      | Killed from afar by Ijyb

Illustrated notes

Levels and vault maps discovered:
D:1:      minmay_arrival_jagged, layout_basic, columned_hall_lemuel,
          minmay_statues_item
D:2:      layout_basic, ebering_ecumenical_altar_hall, kennysheep_flooded_box,
          chequers_serial_rivers_micro_d, roderic_roman_lattice
D:3:      kennysheep_goblin_castle, layout_rooms

Skill      XL: |  1  2  3 |
---------------+----------+-----
Stealth        | 3 |  3.4
Dodging        | 3 |  3.3
Transmutations | 2 |  2.3
Spellcasting   | |  3.8
Poison Magic   | |  3.8

Action                     |  1- 3 |  4- 6 || total
---------------------------+-------+-------++-------
  Melee: Long sword        |     4 |       ||     4
   Cast: Sting             |    47 |    31 ||    78
    Use: Scroll            |       |    10 ||    10
 Armour: Robe              |     4 |     2 ||     6
  Dodge: Dodged            |    17 |     6 ||    23

Table legend: (Time is in decaauts)
 A = Elapsed time spent in this place.
 B = Non-inter-level travel time spent in this place.
 C = Inter-level travel time spent in this place.
 D = Time resting spent in this place.
 E = Time spent auto-exploring this place.
 F = Levels seen in this place.
 G = Mean time per level.
                   A        B        C        D        E       F      G
               +--------+--------+--------+--------+--------+-----+--------+
         Total |   2111 |   2056 |     55 |    110 |   1614 |   3 |  703.7 |
       Dungeon |   2111 |   2056 |     55 |    110 |   1614 |   3 |  703.7 |
               +--------+--------+--------+--------+--------+-----+--------+

Top non-repeatable levels by time:
     D:2: 969 daAuts
     D:1: 922 daAuts
     D:3: 218 daAuts
